 Dungeon Crawl Stone Soup version 0.31.0-11-ge490571c62 (webtiles) character file.

Game seed: 17120799774189416792

74 ezpacito the Trooper (level 4, 0/52 HPs)
             Began as a Demonspawn Berserker on Jan 30, 2024.
             Was a Follower of Trog.
             Succumbed to a goblin's poison
             ... on level 2 of the Dungeon.
             The game lasted 00:02:08 (1352 turns).

ezpacito the Trooper (Demonspawn Berserker)         Turns: 1352, Time: 00:02:09

Health: 0/52       AC:  8    Str: 18    XL:     4   Next: 9%
Magic:  4/4        EV: 10    Int:  7    God:    Trog [*.....]
Gold:   56         SH:  0    Dex: 14    Spells: 3/3 levels left

rFire   . . .        a - +0 hand axe
rCold   . . .        (no shield)
rNeg    . . .        n - +0 scale mail
rPois   .            (no helmet)
rElec   .            (no cloak)
rCorr   .            (no gloves)
SInv    .            h - +1 pair of boots
Will    .....        (no amulet) Stlth
                     (no ring)
HPRegen 0.28/turn    (no ring)
MPRegen 0.09/turn

%: no passive effects
@: berserking (expiring), lethally poisoned (0 -> -15), very quick
A: claws 1
a: Renounce Religion, Berserk


You were on level 2 of the Dungeon.
You worshipped Trog.
Trog was aware of your devotion.
You visited 1 branch of the dungeon, and saw 2 of its levels.

You collected 56 gold pieces.

Inventory:

Hand Weapons
 a - a +0 hand axe (weapon)
Missiles
 e - 2 stones (quivered)
 m - 3 poisoned darts
Armour
 h - a +1 pair of boots (worn)
 n - a +0 scale mail (worn)
Jewellery
 c - a ring of ice
Scrolls
 f - a scroll of fog {unknown}
 j - a scroll of vulnerability {unknown}
 k - a scroll of noise {unknown}
 l - a scroll of identify {unknown}
Potions
 b - a potion of heal wounds {unknown}
 d - a potion of berserk rage {unknown}
 g - a potion of lignification {unknown}
 i - a potion of curing {unknown}


   Skills:
 * Level 3.5 Fighting
 * Level 3.5 Axes
 * Level 2.1 Armour
 + Level 2.1 Dodging
 * Level 0.7 Stealth
 * Level 0.5 Unarmed Combat


You had 3 spell levels left.
You didn't know any spells.
Your spell library was empty.

Dungeon Overview and Level Annotations

Branches:
Dungeon (2/15)

Altars:


Innate Abilities, Weirdness & Mutations

You have sharp fingernails.


Message History

The goblin hits you with a +1 dagger of venom.
You are more poisoned.
Unknown command.
You completely miss the goblin.
You feel very sick. The goblin hits you but does no damage.
You are more poisoned.
You completely miss the goblin.
You feel very sick. The goblin hits you but does no damage.
You are more poisoned.
You barely miss the goblin.
You feel very sick.
The goblin hits you with a +1 dagger of venom.
Unknown command.
Okay, then.
A red film seems to cover your vision as you go berserk!
You feel yourself moving faster!
You feel mighty!
You feel very sick. The goblin hits you but does no damage.
You are lethally poisoned!
You closely miss the goblin.
* * * LOW HITPOINT WARNING * * *
You feel very sick. The goblin hits you but does no damage.
You are more poisoned.
You slash the goblin!
You kill the goblin!
Trog accepts your kill.
* * * LOW HITPOINT WARNING * * *
You feel very sick.
* * * LOW HITPOINT WARNING * * *
You feel very sick.
Things that are here:
a +1 dagger of venom; a goblin corpse You are too berserk!
You feel a strong urge to attack something.
* * * LOW HITPOINT WARNING * * *
You feel sick.
You die...

#.......#.#.#
#.......#.#.. #
####.......#... ##
###B...........# .#
#.......#.##..## +#
........''##.##
........)))...#
..#...........#####
..#...?....@.......
###....#.........
......+.........
#.##.###.........
#.... ..........
.### #..........
#.######### #.


There were no monsters in sight!

Vanquished Creatures
  Jessica (D:2)
  3 dart slugs (D:1)
  4 bats
  3 endoplasms (D:1)
  2 giant cockroaches
  3 hobgoblins (D:1)
  4 jackals (D:1)
  2 quokkas (D:1)
  3 ball pythons (D:1)
  4 frilled lizards (D:1)
  3 goblins
  7 kobolds
  2 rats
41 creatures vanquished.

Notes
Turn   | Place    | Note
-------+----------+-------------------------------------------
     0 | D:1      | ezpacito the Demonspawn Berserker began the quest for the
                  | Orb.
     0 | D:1      | Reached XP level 1. HP: 18/18 MP: 1/1
   146 | D:1      | Gained mutation: You have sharp fingernails. [demonic
                  | ancestry]
   146 | D:1      | Reached XP level 2. HP: 22/24 MP: 2/2
   613 | D:1      | Reached XP level 3. HP: 29/29 MP: 3/3
  1273 | D:2      | Noticed Jessica
  1292 | D:2      | Killed Jessica
  1292 | D:2      | Reached ** piety under Trog
  1293 | D:2      | Reached XP level 4. HP: 32/35 MP: 4/4
  1352 | D:2      | Succumbed to a goblin's poison

Illustrated notes

Levels and vault maps discovered:
D:1:      eino_arrival_cavern_d, layout_basic
D:2:      minmay_razor_zed, layout_basic, uniq_jessica

Skill      XL: |  1  2 |
---------------+-------+-----
Axes           | 3 |  3.5
Armour         | 2 |  2.1
Dodging        | 2 |  2.1
Fighting       | |  3.5
Stealth        | |  0.7
Unarmed Combat | |  0.5

Action                     |  1- 3 |  4- 6 || total
---------------------------+-------+-------++-------
  Melee: Hand axe          |   117 |     9 ||   126
         Punch             |     1 |       ||     1
 Invoke: Berserk           |       |     1 ||     1
   Stab: Sleeping          |     1 |       ||     1
 Armour: Animal skin       |    47 |       ||    47
         Ring mail         |    14 |       ||    14
         Scale mail        |    10 |    11 ||    21
  Dodge: Dodged            |    94 |     4 ||    98
